 Dungeon Crawl Stone Soup version 0.18.1-50-g88ac8fd (webtiles) character file.

109 Larett the Covert (level 4, -1/22 HPs)
             Began as a Spriggan Assassin on Oct 12, 2016.
             Slain by a gnoll
             ... wielding a +0 spear
              (9 damage)
             ... on level 2 of the Dungeon.
             The game lasted 00:03:23 (1491 turns).

Larett the Covert (Spriggan Assassin)               Turns: 1491, Time: 00:03:23

Health: -1/22      AC:  3    Str:  7    XL:     4   Next: 60%
Magic:  5/5        EV: 19    Int: 12    God:
Gold:   47         SH:  0    Dex: 18    Spells: 0 memorised, 3 levels left

rFire  . . .     SeeInvis +     a - +2 dagger
rCold  . . .     Gourm    .     c - +0 robe
rNeg   . . .     Faith    .     (shield restricted)
rPois  .         Spirit   .     (helmet restricted)
rElec  .         Dismiss  .     d - +0 cloak
rCorr  .         Reflect  .     (gloves unavailable)
SustAt .         Harm     .     (boots unavailable)
MR     .....                    (no amulet)
Stlth  +++++.....               (no ring)
                                (no ring)

@: lethally poisoned (-1 -> -9), very quick, not resistant to hostile
enchantments, quite stealthy
A: unfitting armour, see invisible, herbivore 3, speed 3, slow metabolism 2
a: no special abilities


You were on level 2 of the Dungeon.
You were not hungry.

You visited 1 branch of the dungeon, and saw 2 of its levels.

You collected 47 gold pieces.

Inventory:

Hand Weapons
 a - a +2 dagger (weapon)
 b - a +0 blowgun
 q - a +0 mace of protection
 u - a +0 whip of venom
Missiles
 e - 4 poisoned needles
 f - 2 curare-tipped needles
 j - 71 stones (quivered)
 n - 44 arrows
 r - 15 bolts
Armour
 c - a +0 robe (worn)
 d - a +0 cloak (worn)
Scrolls
 h - 2 scrolls of immolation
 i - a scroll of identify
 k - 4 scrolls of fear
 p - a scroll of remove curse {unknown}
Potions
 l - 2 potions of brilliance
 m - a potion of flight
 s - a potion of lignification {unknown}
Comestibles
 g - 2 bread rations
 o - a royal jelly
 t - a slice of pizza


   Skills:
 - Level 1.5 Fighting
 - Level 2.1 Short Blades
 - Level 2.0 Throwing
 + Level 4.0 Dodging
 - Level 8.1 Stealth


You had 3 spell levels left.
You didn't know any spells.

Dungeon Overview and Level Annotations

Branches:
Dungeon (2/15)

Altars:
Trog


Innate Abilities, Weirdness & Mutations

You are tiny and cannot use many weapons and most armour.
You have supernaturally acute eyesight.
You are a herbivore.
You cover ground extremely quickly.
You need consume almost no food.


Message History

* * * LOW HITPOINT WARNING * * *
You feel sick. The gnoll closely misses you. x2
You hit the gnoll.
You kill the gnoll!
Your Dodging skill increases to level 4!
* * * LOW HITPOINT WARNING * * *
You feel sick. The gnoll closely misses you. The gnoll closely misses you.
Things that are here:
a whip of venom; a gnoll corpse
u - a whip of venom
* * * LOW HITPOINT WARNING * * *
You feel sick. The gnoll closely misses you.
* * * LOW HITPOINT WARNING * * *
You feel sick.
You barely miss the gnoll. The gnoll barely misses you.
You closely miss the gnoll.
* * * LOW HITPOINT WARNING * * *
You feel sick. The gnoll hits you with a spear!
You die...

#####..####.#####....#....#....##
......).)............#.#.......##
.####..####.###......#.####>##.##
.# #.......# #..##....# #.##.##
.# #.......# #..##..#.# #.....†
.# ######### #......#.# ###...#
.# #########...##.#.# #...# .#
#.......#..†##.#.## #...#
.######.......#gi...(((.#####...#
.....##.......#<#######.#........
.###.##.......#.# #..g..g.... ##
#.##.......#.# #.#g.g..)..
#.##.......#.# #.###.#...#
#.#######.##.# #.# #.#...# ###.#
#.##.# #.# #.#...# #...#
#....#######.# #.#..)# #.###
#.##.........# #.##.#.


You could see a gnoll.

Vanquished Creatures
  3 gnolls (D:2)
  3 adders (D:2)
  A worm (D:2)
  3 dart slugs
  2 giant geckos (D:1)
  A ball python (D:2)
  3 giant cockroaches
  10 goblins
  5 hobgoblins
  4 jackals (D:2)
  A bat (D:2)
  3 giant newts (D:1)
  4 kobolds (D:1)
  A rat (D:1)
44 creatures vanquished.

Notes
Turn   | Place    | Note
--------------------------------------------------------------
     0 | D:1      | Larett the Spriggan Assassin began the quest for the Orb.
     0 | D:1      | Reached XP level 1. HP: 10/10 MP: 2/2
     3 | D:1      | Reached skill level 6 in Stealth
   171 | D:1      | Reached XP level 2. HP: 9/14 MP: 3/3
   350 | D:1      | Reached skill level 7 in Stealth
   821 | D:1      | Reached XP level 3. HP: 17/18 MP: 4/4
   895 | D:2      | Found a bloodstained altar of Trog.
   937 | D:2      | Reached skill level 8 in Stealth
  1140 | D:2      | Reached skill level 2 in Dodging
  1163 | D:2      | Reached XP level 4. HP: 22/22 MP: 5/5
  1173 | D:2      | Reached skill level 3 in Dodging
  1486 | D:2      | Reached skill level 4 in Dodging
  1491 | D:2      | Slain by a gnoll

Skill      XL: |  1  2  3  4 |
---------------+-------------+-----
Stealth        | 6 7 8 |  8.1
Dodging        | 2 4 |  4.0
Fighting       | |  1.5
Short Blades   | |  2.1
Throwing       | |  2.0

Action                   |  1- 3 |  4- 6 || total
-------------------------+-------+-------++-------
Melee: Dagger            |    72 |    14 ||    86
 Fire: Blowgun           |     6 |     9 ||    15
  Use: Scroll            |     4 |       ||     4
 Stab: Sleeping          |    19 |     2 ||    21
Armor: Robe              |     4 |       ||     4
Dodge: Dodged            |    40 |    16 ||    56
